 Dungeon Crawl Stone Soup version 0.17-a0-1037-gbf358b4 (webtiles) character file.

197 hornqvist the Shield-Bearer (level 6, -2/49 HPs)
             Began as a Formicid Fighter on May 14, 2015.
             Slain by hornqvist's ghost (10 damage)
             ... on level 4 of the Dungeon.
             The game lasted 00:03:01 (3050 turns).

hornqvist the Shield-Bearer (Formicid Fighter)      Turns: 3050, Time: 00:03:01

Health: -2/49      AC:  7    Str: 27    XL:     6   Next: 5%
Magic:  6/6        EV:  8    Int:  8    God:
Gold:   223        SH: 10    Dex: 10    Spells: 0 memorised, 5 levels left

rFire  . . .     SeeInvis +     a - +0 war axe
rCold  . . .     Clarity  .     b - +0 scale mail
rNeg   . . .     SustAb   .     c - +0 shield
rPois  .         Gourm    .     (helmet unavailable)
rElec  .         Spirit   .     (no cloak)
rCorr  .         Warding  .     (no gloves)
rMut   .         Stasis   +     (no boots)
MR     .....                    i - amulet of regeneration
Stlth  +.........               n - ring of stealth
                                (no ring)

@: mighty, not resistant to hostile enchantments, very unstealthy
A: permanent stasis, dig shafts and tunnels, four strong arms, antennae 3
a: Dig, Shaft Self


You were on level 4 of the Dungeon.
You were hungry.

You visited 1 branch of the dungeon, and saw 4 of its levels.

You collected 223 gold pieces.

Inventory:

Hand weapons
 a - a +0 war axe (weapon)
Armour
 b - a +0 scale mail (worn)
 c - a +0 shield (worn)
Jewellery
 i - an amulet of regeneration (around neck)
 n - a ring of stealth (right hand)
Magical devices
 r - a wand of random effects (33)
 s - a wand of flame (18)
Scrolls
 g - 4 scrolls of identify
 h - a scroll of amnesia
 k - 3 scrolls of remove curse
 m - 2 scrolls of immolation {unknown}
Potions
 f - a potion of heal wounds {unknown}
 j - a potion of cancellation {unknown}
 l - 2 potions of curing
 o - 2 potions of haste {unknown}
 p - 2 potions of flight
Comestibles
 e - 5 bread rations
 q - a meat ration
 t - 3 chunks of flesh
 u - 2 fruits


   Skills:
 + Level 4.3 Fighting
 * Level 4.1 Axes
 + Level 3.8 Armour
 + Level 4.6 Shields


You had 5 spell levels left.
You didn't know any spells.

Dungeon Overview and Level Annotations

Branches:
Dungeon (4/15)
 Temple: D:4-7

Altars:
Elyvilon
Sif Muna

Annotations:
D:4 hornqvist's ghost, average VSFi


Innate Abilities, Weirdness & Mutations

You are under a permanent stasis effect.
You can dig through walls and to a lower floor.
Your four strong arms can wield two-handed weapons with a shield.
You have a pair of large antennae on your head (SInv).


Message History

You hit hornqvist's ghost but do no damage.
You block hornqvist's ghost's attack.
Drink which item? (? for menu, Esc to quit)
You feel very mighty all of a sudden. Hornqvist's ghost hits you!
* * * LOW HITPOINT WARNING * * *
You take 7 damage, and have 20/49 hp.
You are feeling hungry.
You hit hornqvist's ghost but do no damage.
Hornqvist's ghost hits you!
* * * LOW HITPOINT WARNING * * *
Hornqvist's ghost barely misses you.
You take 12 damage, and have 8/49 hp.
MASSIVE DAMAGE!!
You hit hornqvist's ghost. Hornqvist's ghost hits you.
* * * LOW HITPOINT WARNING * * *
You hit hornqvist's ghost. You block hornqvist's ghost's attack.
You hit hornqvist's ghost. Hornqvist's ghost hits you.
* * * LOW HITPOINT WARNING * * *
Hornqvist's ghost hits you!
You die...

####### ### . ......
.>.#.#
...########.##.#
..#.###.#...........#
......W@..........#
.##.###.#.#.......+
#.#.#.......#
#.#.#.......#
#.#.####....#####
#.#.. ##....#.. #.###
###..#.#.### #..
{...).#.#...#
#............#


You could see hornqvist's ghost.

Vanquished Creatures
  Ijyb (D:2)
  Jessica (D:2)
  3 adders (D:2)
  5 oozes
  2 worms
  6 giant geckos
  8 bats
  16 hobgoblins
  3 quokkas
  2 ball pythons
  4 giant cockroaches
  4 giant newts
  10 goblins
  2 jackals (D:2)
  7 kobolds
  9 rats
83 creatures vanquished.

Vanquished Creatures (others)
  A hobgoblin (D:4)
  A giant newt (D:4)
2 creatures vanquished.

Grand Total: 85 creatures vanquished

Notes
Turn   | Place    | Note
--------------------------------------------------------------
     0 | D:1      | hornqvist the Formicid Fighter began the quest for the Orb.
     0 | D:1      | Reached XP level 1. HP: 18/18 MP: 1/1
   138 | D:1      | Reached XP level 2. HP: 24/24 MP: 2/2
   513 | D:1      | Reached XP level 3. HP: 29/29 MP: 3/3
  1008 | D:2      | Noticed Jessica
  1018 | D:2      | Killed Jessica
  1018 | D:2      | Reached skill level 4 in Fighting
  1018 | D:2      | Reached XP level 4. HP: 25/37 MP: 4/4
  1099 | D:2      | Noticed Ijyb
  1111 | D:2      | Killed Ijyb
  1111 | D:2      | Reached XP level 5. HP: 37/42 MP: 5/5
  2781 | D:3      | Found a deep blue altar of Sif Muna.
  2845 | D:3      | Reached XP level 6. HP: 46/49 MP: 6/6
  3022 | D:4      | Found a white marble altar of Elyvilon.
  3039 | D:4      | Noticed hornqvist's ghost (average VSFi)
  3050 | D:4      | Slain by hornqvist's ghost

Vault maps used:
D:1:      nagdon_arrival_zigzag_paths
D:2:      first_bread, minivault_11, dk_noncrumbling_2, uniq_iyjb, uniq_jessica
D:3:      led_sif_pool
D:4:      old_standard_altar, overflow_temple_1_default, xom_confusion_cloud

Action                   |  1- 3 |  4- 6 || total
-------------------------+-------+-------++-------
Melee: War axe           |    98 |   200 ||   298
  Use: Scroll            |     1 |     9 ||    10
       Potion            |       |     1 ||     1
  Eat: Chunk             |       |     8 ||     8
